Map: Jagannatha LE

Players

Rex - Winner!

  • Race: Zerg Zerg

GogojOey

  • Race: Zerg Zerg

VOD

Have the link to the VOD?

Description

Time

  • Played on: Oct. 2, 2021, 7:42 a.m.
  • Length: 5:51
Show
View Real Time Build Order
Export as new Build Order

Rex Zerg - Winner!

Build Orders: Hatch First, Zergling Baneling 

Get SALT Encoding   

  12  0:00  Drone  
  13  0:12  Overlord  
  13  0:16  Drone  
  14  0:31  Drone x2  
  16  0:49  Hatchery  
  15  0:51  Drone  
  15  0:55  Drone  
  17  0:58  Drone  
  18  1:09  Extractor  
  17  1:14  Spawning Pool  
  17  1:17  Drone  
  17  1:20  Drone  
  18  1:28  Drone  
  19  1:39  Drone  
  20  1:50  Drone  
  21  2:01  Zergling x4, Queen x2  
  27  2:08  Metabolic Boost  
  27  2:12  Zergling x2, Overlord  
  28  2:34  Baneling Nest  
  28  2:36  Zergling x8  
  31  2:43  Overlord  
  31  2:44  Zergling x2  
  32  2:56  Zergling x4  
  34  3:05  Zergling x4  
  36  3:09  Zergling x12  
  42  3:17  Zergling x4  
  42  3:19  Baneling x3  
  44  3:20  Baneling  
  44  3:22  Baneling  
  41  3:49  Zergling x2  
  41  3:53  Zergling x10  
  41  3:55  Zergling x2  
  42  3:57  Zergling x2  
  42  3:58  Zergling x2  
  42  4:00  Zergling x2  
  43  4:02  Zergling x2  
  43  4:03  Zergling x4  
  43  4:05  Zergling x2  
  41  4:16  Baneling x3, Zergling x2  
  42  4:21  Overlord  
  42  4:24  Drone  
  42  4:43  Zergling x2  
  42  4:45  Zergling x2  
  38  4:51  Zergling x12  
  38  4:52  Queen  
  44  4:56  Spine Crawler  
  44  4:57  Baneling  
  44  4:58  Baneling  
  45  5:01  Zergling x2  
  45  5:04  Zergling x2  
  47  5:08  Zergling x2  
  47  5:09  Zergling x2  
  47  5:11  Zergling x2  
  47  5:12  Baneling  
  50  5:16  Zergling x2  
  51  5:25  Zergling x2  
  47  5:29  Zergling x8  
  47  5:34  Zergling x2  
  50  5:38  Drone  
Show
View Real Time Build Order
Export as new Build Order

GogojOey Zerg 

Build Orders: Pool First 

Get SALT Encoding   

  12  0:00  Drone  
  13  0:12  Overlord  
  13  0:16  Drone  
  14  0:30  Drone x2  
  16  0:40  Spawning Pool  
  15  0:44  Drone  
  15  0:48  Drone  
  17  1:08  Hatchery  
  16  1:12  Drone  
  16  1:14  Extractor  
  16  1:17  Drone  
  17  1:27  Zergling x2  
  17  1:28  Zergling x2  
  19  1:34  Queen  
  21  1:40  Overlord  
  21  1:49  Drone  
  22  2:00  Drone  
  23  2:09  Queen  
  23  2:10  Drone  
  23  2:14  Metabolic Boost  
  26  2:21  Drone x2  
  28  2:31  Drone  
  28  2:32  Drone  
  30  2:40  Roach Warren  
  30  2:41  Drone  
  30  2:42  Drone x2  
  32  2:49  Overlord  
  32  3:20  Roach x6  
  32  3:22  Overlord x2  
  44  3:41  Zergling x6, Spine Crawler, Roach x3  
  51  3:52  Zergling x4, Roach  
  51  3:55  Zergling x2  
  37  4:03  Roach  
  33  4:10  Zergling x2  
  34  4:19  Roach  
  34  4:23  Zergling x2, Roach  
  39  4:27  Roach  
  41  4:39  Roach  
  41  4:45  Zergling x4  
  41  4:49  Zergling x2  
  40  4:56  Zergling x2  
  40  5:07  Zergling x2  
  40  5:10  Queen  
  43  5:19  Zergling x2  
  44  5:25  Ravager  
  40  5:30  Ravager  
  40  5:31  Zergling x2  
Tags
 
Add a new tag
Caveats
  • Supply blocks, unpowered buildings, or Contaminate may cause inaccurate times.
  • Supply counts are checked every 10 seconds.